 Dungeon Crawl Stone Soup version 0.28.0-47-ge53b351184 (webtiles) character file.

Game seed: 17170716608110652026

4 DildoBatman the Conjurer (level 1, 0/13 HPs)
             Began as a Formicid Conjurer on May 5, 2022.
             Slain by a goblin
             ... wielding a +0 club
              (4 damage)
             ... on level 1 of the Dungeon.
             The game lasted 00:00:58 (267 turns).

DildoBatman the Conjurer (Formicid Conjurer)         Turns: 267, Time: 00:00:59

Health: 0/13       AC:  2    Str: 11    XL:     1   Next: 66%
Magic:  1/3        EV: 12    Int: 17    God:
Gold:   13         SH:  0    Dex:  9    Spells: 3/4 levels left

rFire   . . .      SeeInvis +   c - +0 club
rCold   . . .      Faith    .   (no shield)
rNeg    . . .      Spirit   .   a - +0 robe
rPois   .          Reflect  .   (helmet unavailable)
rElec   .          Harm     .   (no cloak)
rCorr   .          Rampage  .   (no gloves)
Will    .....                   (no boots)
Stlth   ++........              (no amulet)
HPRegen 0.04/turn               (no ring)
MPRegen 0.08/turn               (no ring)

@: very slightly contaminated
A: permanent stasis, dig shafts and tunnels, antennae 3, four strong arms
a: Dig, Shaft Self


You were on level 1 of the Dungeon.
You visited 1 branch of the dungeon, and saw 1 of its levels.

You collected 13 gold pieces.

Inventory:

Hand Weapons
 c - a +0 club (weapon)
Missiles
 b - 18 stones
Armour
 a - a +0 robe (worn)
Potions
 d - a potion of haste {unknown}


   Skills:
 - Level 1.7 Dodging
 - Level 2.4 Stealth
 - Level 2.1 Spellcasting
 * Level 3.8 Conjurations


You had 3 spell levels left.
You knew the following spells:

 Your Spells              Type           Power      Damage    Failure   Level
c - Magic Dart            Conj           56%        1d5       4%          1

Your spell library contained the following spells:

 Spells                   Type           Power      Damage    Failure   Level
 Searing Ray              Conj           28%        2d5       6%          2
 Dazzling Flash           Conj/Hex       16%        N/A       26%         3
 Fulminant Prism          Conj/Hex       4%         3d6       65%         4
 Iskenderun's Mystic Bla  Conj/Tloc      8%         2d4       65%         4


Dungeon Overview and Level Annotations

Branches:
Dungeon (1/15)

Altars:


Innate Abilities, Weirdness & Mutations

You cannot be hasted, slowed, berserked, paralysed or teleported.
You can dig through walls and to a lower floor.
You have a pair of large antennae on your head. (SInv)
Your four strong arms can wield two-handed weapons with a shield.


Message History

The ball python barely misses you. The ball python grabs you.
The ball python constricts you. The ball python bites you.
The ball python constricts you.
Casting: Magic Dart (safe; 4% risk of failure)
Confirm with . or Enter, or press ? or * to list all spells.
Aiming: Magic Dart (safe; 4% risk of failure)
Press: ? - help, Shift-Dir - straight line, f/p - ball python
Aim: a ball python (severely wounded, constricting you, 100% to hit)
The magic dart hits the ball python.
You kill the ball python!
Casting: Magic Dart (safe; 4% risk of failure)
Confirm with . or Enter, or press ? or * to list all spells.
Aiming: Magic Dart (safe; 4% risk of failure)
Press: ? - help, Shift-Dir - straight line, f - goblin
Aim: a goblin, wielding a +0 club (100% to hit)
The magic dart hits the goblin.
The goblin is moderately wounded.
The goblin barely misses you.
A ball python comes into view.
There is an open door here.
You see here a ball python corpse.
Casting: Magic Dart (safe; 4% risk of failure)
Confirm with . or Enter, or press ? or * to list all spells.
Aiming: Magic Dart (safe; 4% risk of failure)
Press: ? - help, Shift-Dir - straight line, f/p - goblin
Aim: a goblin, wielding a +0 club (moderately wounded, 100% to hit)
You miscast Magic Dart.
You are very lightly contaminated with residual magic.
Nothing appears to happen.
Casting: Magic Dart (safe; 4% risk of failure)
Confirm with . or Enter, or press ? or * to list all spells.
Aiming: Magic Dart (safe; 4% risk of failure)
Press: ? - help, Shift-Dir - straight line, f/p - goblin
Aim: a goblin, wielding a +0 club (moderately wounded, 100% to hit)
You miscast Magic Dart.
Nothing appears to happen.
The goblin hits you with a +0 club.
You die...

##################
#.................
#.###############. #######.### #.
#.........# #. #.........# #.
#......@..# #. #######
########g### ####### #.
.......##.....##.######.....####.
.....g).S..##...>..{.w..##.......
...###..###.#############.#w.####
##.# ##...### ###...##..#
###.######...###.S.#####.#
#....... ##.......## #..# .....
###.<.### #..#


You could see a goblin.

Vanquished Creatures
  A ball python (D:1)
  A bat (D:1)
  2 goblins (D:1)
4 creatures vanquished.

Notes
Turn   | Place    | Note
-------+----------+-------------------------------------------
     0 | D:1      | DildoBatman the Formicid Conjurer began the quest for the
                  | Orb.
     0 | D:1      | Reached XP level 1. HP: 13/13 MP: 3/3
   267 | D:1      | Slain by a goblin

Illustrated notes

Levels and vault maps discovered:
D:1:      dpeg_arrival_simpleton_a, layout_basic,
          dreamdust_ecumenical_altar_sealed_demon

Action                   || total
-------------------------++-------
 Cast: Magic Dart        ||    12
Dodge: Dodged            ||     2
